 Dungeon Crawl Stone Soup version 0.17.2-1-ge4368a0 (webtiles) character file.

179 Monsterracer the Skirmisher (level 5, -1/42 HPs)
             Began as a Mummy Chaos Knight on Aug 8, 2017.
             Was a Believer of Lugonu.
             Slain by a gnoll
             ... wielding a +1 whip of electrocution
              (3 damage)
             ... on level 2 of the Dungeon.
             The game lasted 00:12:19 (14642 turns).

Monsterracer the Skirmisher (Mummy Chaos Knight)   Turns: 14642, Time: 00:12:19

Health: -1/42      AC:  8    Str: 16      XL:     5   Next: 32%
Magic:  5/5        EV: 11    Int: 12      God:    Lugonu [**....]
Gold:   169        SH:  0    Dex: 10 (11) Spells: 0 memorised, 4 levels left

rFire  x . .     SeeInvis .     a - +0 flail
rCold  + . .     Clarity  .     d - +2 leather armour
rNeg   + + +     SustAt   .     (no shield)
rPois  ∞         Gourm    .     k - +0 helmet
rElec  .         Spirit   .     (no cloak)
rCorr  .         Warding  .     n - +1 pair of gloves
rMut   .         Stasis   .     (no boots)
MR     .....                    (no amulet)
Stlth  +.........               (no ring)
                                (no ring)

@: not resistant to hostile enchantments, very unstealthy
A: no food or potions, fire vulnerability, cold resistance 1, negative energy
resistance 3, torment resistance, unbreathing
a: Depart the Abyss, Bend Space, Renounce Religion


You were on level 2 of the Dungeon.
You worshipped Lugonu.
Lugonu was pleased with you.
You were not hungry.

You visited 1 branch of the dungeon, and saw 3 of its levels.
You visited the Abyss 1 time.

You collected 169 gold pieces.

Inventory:

Hand Weapons
 a - a +0 flail (weapon)
 b - a +2 hand crossbow of evasion
 i - a +0 mace of chaos
Armour
 d - a +2 leather armour (worn)
 k - a +0 helmet (worn)
 n - a +1 pair of gloves (worn)
Scrolls
 c - 2 scrolls of magic mapping
 f - 2 scrolls of remove curse
 j - a scroll of amnesia
 m - a scroll of teleportation
Books
 e - a book of Cantrips

   Spells                             Type                      Level
   a - Corona                         Hexes                        1
   b - Animate Skeleton               Necromancy                   1
   c - Summon Small Mammal            Summoning                    1
   d - Apportation                    Translocation                1


   Skills:
 * Level 4.1 Fighting
 * Level 3.6 Maces & Flails
 + Level 2.4 Armour
 + Level 1.5 Dodging


You had 4 spell levels left.
You didn't know any spells.

Dungeon Overview and Level Annotations

Branches:
Dungeon (3/15)

Altars:
Dithmenos


Innate Abilities, Weirdness & Mutations

You do not eat or drink.
Your flesh is vulnerable to fire.
You are immune to poison.
Your flesh is cold resistant.
You are immune to negative energy.
You are immune to unholy pain and torment.
You can survive without breathing.


Message History

The gnoll hits you but does no damage.
You are electrocuted!
* * * LOW HITPOINT WARNING * * *
You hit the gnoll but do no damage.
The gnoll hits you with a whip of electrocution.
* * * LOW HITPOINT WARNING * * *
You are electrocuted!
* * * LOW HITPOINT WARNING * * *
You hit the gnoll.
The gnoll is moderately wounded.
The gnoll closely misses you. "Boo!" The divine experience confuses you!
You are confused.
Unknown command.
You're too confused to move!
The gnoll misses you. The gnoll closely misses you.
The gnoll hits you with a whip of electrocution.
* * * LOW HITPOINT WARNING * * *
You feel less confused.
The gnoll hits you with a whip of electrocution.
You die...

#.......###.##..#..#)..#.....
#.......###..............!...
#....##..#####.###...........
##.#.####.###...#####.........
##.......#..##..######......#.#
#.........#.##..##..###.#.....#
#........!#.............#......
#............g......#..###.##..
##††..>....###@.###......#..#..
##†#.##...####................
#.#.#..#.####<...###.........
##.#...##.####.##..####)#.....
#..#..###.####.###....#)......
##..#..###.####...#.....[##..#.
#.......##..####..........)#.>#
#....##.###.####........#......
#....##.###.####........#......


You could see a gnoll.

Vanquished Creatures
  Robin (D:2)
  2 adders
  4 gnolls
  4 worms
  2 giant geckos
  2 orcs (D:3)
  10 bats
  7 giant cockroaches
  19 goblins
  15 hobgoblins
  7 kobolds
  2 quokkas (D:1)
  2 giant newts
  3 jackals (D:2)
  8 rats
88 creatures vanquished.

Notes
Turn   | Place    | Note
--------------------------------------------------------------
     0 | D:1      | Monsterracer the Mummy Chaos Knight began the quest for the Orb.
     0 | D:1      | Reached XP level 1. HP: 18/18 MP: 1/1
    58 | D:1      | XOM: harmless Fire miscast
    67 | D:1      | HP: 6/18 [kobold/whip (5)]
   212 | D:1      | XOM: god gift: cyan potion
   303 | D:1      | Reached skill level 1 in Dodging
   430 | D:1      | Reached XP level 2. HP: 24/24 MP: 2/2
   906 | D:1      | Reached XP level 3. HP: 27/29 MP: 3/3
   929 | D:1      | XOM: harmless Necr miscast
  1044 | D:1      | XOM: colour smoke trail
  1207 | D:1      | XOM is BORED!
  1207 | D:1      | XOM: medium Divn miscast
  1417 | D:1      | XOM: harmless Trmt miscast
  1727 | D:1      | XOM: silly message
  1975 | D:1      | XOM: silly message
  2349 | D:1      | XOM: god gift: 23 stones
  2542 | D:1      | XOM: harmless Chrm miscast
  2830 | D:1      | XOM is BORED!
  2830 | D:1      | XOM: mild Tloc miscast
  2973 | D:1      | XOM: scenery: 2 doors open, 2 doors close
  3581 | D:1      | XOM: summons 2 hostile shadow creatures
  3980 | D:1      | XOM: harmless Erth miscast
  4270 | D:1      | XOM: mild Erth miscast
  4404 | D:1      | XOM: silly message
  4712 | D:1      | XOM: noise
  5061 | D:1      | XOM: medium Necr miscast
  5062 | D:1      | Noticed a shadow
  5062 | D:1      | Noticed a shadow
  5084 | D:2      | XOM: vitrification
  5106 | D:2      | Found a shadowy altar of Dithmenos.
  5420 | D:2      | Reached XP level 4. HP: 27/36 MP: 4/4
  5484 | D:2      | XOM: divination: detect items
  5986 | D:1      | XOM: harmless Fire miscast
  6423 | D:1      | XOM: god gift: glowing hand crossbow {god gift}
  6597 | D:1      | XOM: god gift: 27 gold pieces
  6670 | D:1      | XOM: colour smoke trail
  6706 | D:1      | XOM: god gift: scroll labeled ADU MIR BELUO
  6731 | D:1      | XOM: harmless Erth miscast
  7239 | D:1      | XOM: cast spell 'Summon Butterflies'
  8740 | D:1      | XOM is BORED!
  8740 | D:1      | XOM: medium Tloc miscast
  8740 | D:1      | Cast into the Abyss (the capriciousness of Xom)
  8740 | Abyss:1  | XOM: stealth player
  8740 | Abyss:1  | Found a corrupted altar of Lugonu.
  8767 | Abyss:1  | Noticed a ynoxinul
  8767 | Abyss:1  | XOM: mild Ice miscast
  8780 | Abyss:1  | Fell from the grace of Xom
  8780 | Abyss:1  | Became a worshipper of Lugonu the Unformed
  8780 | Abyss:1  | Reached * piety under Lugonu
  8781 | D:1      | Escaped the Abyss
  8828 | D:1      | Noticed a yaktaur captain
  9821 | D:1      | Noticed a yaktaur captain
  9848 | D:2      | Noticed Robin
  9896 | D:2      | HP: 17/37 [worm (2)]
  9897 | D:2      | HP: 8/37 [Robin/spear (1)]
  9909 | D:3      | HP: 6/37 [hobgoblin/club (4)]
  9910 | D:3      | HP: 2/37 [hobgoblin/club (4)]
 10179 | D:3      | XOM: noise
 10314 | D:3      | Noticed an ice beast
 10437 | D:3      | XOM: noise
 10706 | D:2      | Reached skill level 4 in Fighting
 10795 | D:2      | XOM: blink monster(s)
 10805 | D:2      | Killed Robin
 11008 | D:2      | Reached XP level 5. HP: 36/42 MP: 5/5
 11316 | D:2      | XOM: mild Necr miscast
 11845 | D:2      | XOM: mild Conj miscast
 14053 | D:1      | HP: 19/42 [gnoll/flail (5)]
 14057 | D:1      | HP: 5/42 [gnoll/flail (9)]
 14111 | D:1      | XOM: summons 5 hostile demons
 14114 | D:1      | HP: 9/42 [crimson imp[Xom] (4)]
 14118 | D:1      | HP: 4/42 [quasit[Xom] (2)]
 14413 | D:2      | Reached ** piety under Lugonu
 14634 | D:2      | HP: 20/42 [gnoll/whip of electrocution (13)]
 14635 | D:2      | HP: 4/42 [gnoll/whip of electrocution (15)]
 14636 | D:2      | XOM: noise
 14641 | D:2      | HP: 2/42 [gnoll/whip of electrocution (3)]
 14642 | D:2      | Slain by a gnoll

Action                   |  1- 3 |  4- 6 || total
-------------------------+-------+-------++-------
Melee: Mace              |   115 |    29 ||   144
       Flail             |     6 |   200 ||   206
Invok: Depart the Abyss  |       |     1 ||     1
  Use: Scroll            |       |     9 ||     9
 Stab: Paralysed         |     7 |     1 ||     8
